Map: Galactic Process LE

Players

Fropez

  • Race: Protoss Protoss
  • League: Gold
  • Spawn Location: 7:00

TyWinThePimp - Winner!

  • Race: Protoss Protoss
  • League: Gold
  • Spawn Location: 1:00

VOD

Have the link to the VOD?

Description

Time

  • Played on: Sept. 22, 2016, 6:45 p.m.
  • Length: 14:34
Show
View Real Time Build Order
Export as new Build Order

Fropez Protoss 

Build Orders:  

Get SALT Encoding   

  12  0:01  Probe (Chrono Boost)  
  13  0:13  Pylon  
  13  0:17  Probe (Chrono Boost)  
  14  0:27  Probe (Chrono Boost)  
  15  0:33  Gateway  
  15  0:38  Probe (Chrono Boost)  
  16  0:48  Probe (Chrono Boost)  
  17  0:50  Assimilator  
  17  0:59  Probe (Chrono Boost)  
  18  1:10  Probe (Chrono Boost)  
  19  1:20  Probe (Chrono Boost)  
  19  1:24  Cybernetics Core  
  20  1:27  Pylon  
  20  1:31  Probe  
  21  1:43  Probe  
  21  1:45  Gateway  
  22  1:53  Assimilator  
  22  1:55  Probe  
  22  2:00  Warp Gate (Chrono Boost)  
  23  2:07  Probe  
  24  2:15  Nexus  
  24  2:34  Twilight Council  
  24  2:35  Probe  
  25  2:39  Pylon  
  25  2:42  Pylon  
  25  2:47  Probe  
  26  2:51  Adept  
  28  2:59  Pylon  
  28  3:04  Mothership Core (Chrono Boost)  
  30  3:13  Resonating Glaives  
  29  3:23  Probe  
  30  3:30  Probe  
  31  3:35  Probe  
  32  3:45  Robotics Facility  
  32  3:50  Pylon  
  32  3:51  Probe  
  32  3:53  Probe  
  32  3:55  Gateway  
  34  4:03  Probe  
  34  4:07  Adept  
  34  4:08  Adept  
  34  4:09  Pylon  
  37  4:26  Probe  
  37  4:28  Probe  
  39  4:37  Probe, Gateway  
  35  4:40  Gateway, Immortal (Chrono Boost)  
  40  4:57  Adept  
  40  4:58  Pylon  
  42  5:09  Adept  
  42  5:11  Probe  
  45  5:15  Probe  
  45  5:18  Observer (Chrono Boost), Assimilator  
  45  5:21  Assimilator  
  47  5:23  Adept  
  49  5:34  Probe x2  
  51  5:36  Warp Prism (Chrono Boost)  
  53  5:45  Adept x4  
  53  5:46  Probe  
  53  5:49  Probe  
  63  5:58  Probe  
  64  6:06  Adept x4  
  64  6:07  Observer (Chrono Boost)  
  73  6:12  Pylon  
  73  6:15  Probe  
  73  6:16  Probe  
  75  6:31  Gateway  
  75  6:32  Adept x2  
  77  6:33  Adept x2  
  83  6:49  Nexus  
  83  6:51  Pylon x2  
  83  6:56  Pylon  
  83  7:04  Pylon  
  83  7:20  Probe  
  83  7:21  Probe  
  85  7:25  Adept  
  85  7:26  Adept x3  
  97  7:30  Immortal (Chrono Boost)  
  97  7:44  Gateway  
  97  7:47  Adept x4  
  97  7:48  Pylon  
  105  7:51  Pylon  
  105  7:58  Forge  
  105  8:01  Probe  
  105  8:02  Probe  
  107  8:12  Adept x2  
  107  8:19  Assimilator  
  111  8:22  Adept x2  
  111  8:23  Assimilator  
  111  8:26  Adept  
  117  8:49  Adept x3  
  117  8:50  Adept x2  
  107  9:35  Adept  
  107  9:36  Adept x4  
  109  9:42  Probe, Gateway  
  109  9:43  Probe  
  109  9:44  Gateway  
  111  9:46  Charge  
  111  9:47  Gateway  
  111  9:48  Protoss Ground Weapons Level 1 (Chrono Boost)  
  111  9:49  Pylon  
  111  9:50  Forge  
  111  9:53  Nexus, Forge  
  111  9:57  Pylon  
  111  9:58  Pylon  
  103  10:30  Adept x3  
  103  10:31  Adept x2  
  113  10:39  Protoss Ground Armor Level 1 (Chrono Boost)  
  113  10:40  Protoss Shields Level 1 (Chrono Boost)  
  113  10:46  Probe x3  
  116  10:56  Immortal  
  120  11:04  Probe x2  
  121  11:11  Pylon, Robotics Facility  
  122  11:12  Probe  
  122  11:13  Probe  
  124  11:20  Stalker x5  
  124  11:21  Stalker x4  
  142  11:46  Blink  
  142  11:47  Protoss Ground Weapons Level 2 (Chrono Boost)  
  142  11:48  Immortal  
  144  12:07  Adept x3  
  144  12:08  Adept x6  
  144  12:19  Immortal  
  148  12:27  Immortal  
  148  12:28  Sentry  
  148  12:29  Sentry x4  
  162  12:30  Stalker x3  
  162  12:31  Stalker  
  110  12:54  Adept x5  
  110  12:55  Adept x3  
  104  13:10  Immortal (Chrono Boost)  
  107  13:16  Immortal (Chrono Boost)  
  107  13:17  Stalker x5  
  109  13:44  Stalker x5  
  65  14:11  Stalker  
  65  14:12  Stalker x3  
  65  14:25  Cybernetics Core  
Show
View Real Time Build Order
Export as new Build Order

TyWinThePimp Protoss - Winner!

Build Orders: 1 Gate Expand, Colossus Rush 

Get SALT Encoding   

  12  0:01  Probe (Chrono Boost)  
  13  0:13  Pylon  
  13  0:18  Probe (Chrono Boost)  
  14  0:31  Gateway  
  14  0:36  Probe (Chrono Boost)  
  15  0:46  Probe (Chrono Boost)  
  17  0:57  Probe (Chrono Boost)  
  17  1:21  Nexus  
  17  1:26  Cybernetics Core  
  17  1:31  Assimilator  
  17  1:36  Probe (Chrono Boost)  
  18  1:42  Assimilator  
  18  1:46  Probe (Chrono Boost)  
  19  1:51  Pylon  
  19  2:04  Gateway  
  19  2:30  Warp Gate  
  19  2:38  Stalker (Chrono Boost)  
  19  2:41  Pylon  
  21  2:44  Probe  
  24  2:59  Stalker (Chrono Boost)  
  24  3:08  Probe  
  24  3:09  Probe  
  24  3:12  Stalker (Chrono Boost)  
  28  3:25  Robotics Facility  
  28  3:26  Probe  
  31  3:29  Stalker (Chrono Boost)  
  31  3:36  Mothership Core  
  33  3:54  Probe  
  34  3:56  Probe  
  35  4:07  Gateway  
  35  4:12  Gateway  
  35  4:14  Pylon  
  34  4:32  Probe  
  34  4:34  Observer, Probe  
  34  4:38  Robotics Bay  
  37  4:43  Probe  
  38  4:46  Probe  
  39  4:53  Probe  
  39  4:55  Twilight Council  
  39  4:58  Probe  
  41  5:04  Probe  
  42  5:08  Assimilator  
  42  5:10  Probe, Assimilator  
  43  5:14  Probe  
  43  5:15  Stalker  
  46  5:33  Colossus (Chrono Boost)  
  46  5:35  Probe  
  52  5:36  Probe  
  54  5:45  Stalker, Zealot  
  54  5:47  Probe  
  54  5:49  Probe  
  60  5:53  Pylon  
  60  6:01  Probe  
  61  6:05  Charge (Chrono Boost)  
  61  6:11  Stalker  
  61  6:15  Pylon  
  61  6:18  Probe  
  63  6:19  Probe  
  63  6:20  Pylon  
  65  6:32  Colossus  
  71  6:42  Pylon  
  71  6:43  Stalker  
  71  6:46  Stalker  
  75  6:55  Probe  
  75  6:57  Probe, Templar Archives  
  77  7:06  Forge  
  77  7:11  Forge  
  77  7:13  Probe  
  77  7:14  Probe  
  79  7:45  Nexus  
  79  7:48  Assimilator, Protoss Ground Weapons Level 1 (Chrono Boost), Protoss Ground Armor Level 1 (Chrono Boost)  
  79  7:51  Assimilator  
  79  7:57  Gateway  
  79  7:59  Psionic Storm  
  79  8:01  Probe  
  79  8:03  Probe, Gateway  
  79  8:05  Gateway  
  81  8:08  High Templar x2  
  81  8:12  High Templar  
  87  8:17  Photon Cannon  
  87  8:21  Photon Cannon  
  87  8:28  Archon, Probe  
  87  8:29  Probe  
  89  8:47  Zealot x2  
  93  9:23  Stalker  
  93  9:24  Stalker  
  88  9:35  Probe x2  
  88  9:40  Probe  
  89  9:47  Probe x2  
  91  9:55  Pylon  
  91  9:56  Pylon  
  91  9:57  Probe  
  91  9:59  Probe  
  86  10:25  Zealot x2  
  86  10:26  Zealot x3  
  86  10:27  Zealot x2  
  96  10:39  Probe  
  96  10:40  Probe  
  98  10:51  High Templar x3  
  98  10:52  High Templar x4  
  112  11:02  Pylon  
  112  11:05  Pylon  
  112  11:08  Pylon  
  112  11:10  Pylon  
  112  11:11  Probe  
  112  11:12  Probe  
  114  11:19  Probe  
  114  11:21  Probe  
  114  11:24  Probe  
  117  11:29  Zealot x3  
  117  11:30  Zealot x4  
  131  11:38  Archon x3  
  131  11:43  Protoss Ground Weapons Level 2 (Chrono Boost)  
  131  11:44  Probe  
  131  11:45  Probe x2  
  134  11:49  Protoss Ground Armor Level 2 (Chrono Boost)  
  132  12:11  Zealot x5  
  132  12:12  Zealot x2  
  144  12:32  Stalker  
  144  12:34  Stalker  
  144  12:35  Stalker x3  
  140  12:40  Stalker  
  117  12:58  Stalker x3  
  121  13:00  Stalker  
  93  13:25  Stalker x2  
  93  13:26  Stalker x3  
  95  13:46  Pylon x2  
  82  14:05  Stalker x3  
  82  14:06  Stalker  
Tags
 
League
GoldGold
Matchup
PvP
Replay Pack
All Mines
Spawn Locations
Cross Positions
Add a new tag
Caveats
  • Supply blocks, unpowered buildings, or Contaminate may cause inaccurate times.
  • Supply counts are checked every 10 seconds.